 Dungeon Crawl Stone Soup version 0.31.0-32-g396128a36d (webtiles) character file.

Game seed: 15547775619970042838

89 DemonSlayer the Digger (level 4, 0/30 HPs)
             Began as a Demonspawn Earth Elementalist on Apr 21, 2024.
             Slain by an orc
             ... wielding a +0 war axe
              (7 damage)
             ... on level 3 of the Dungeon.
             The game lasted 00:04:37 (2170 turns).

DemonSlayer the Digger (DsEE)                       Turns: 2170, Time: 00:04:39

Health: 0/30       AC:  2    Str:  9    XL:     4   Next: 31%
Magic:  8/8        EV: 12    Int: 15    God:
Gold:   7          SH:  0    Dex: 15    Spells: 4/8 levels left

rFire   . . .        f - +0 long sword
rCold   . . .        (no shield)
rNeg    . . .        a - +0 robe
rPois   .            (helmet restricted)
rElec   .            (no cloak)
rCorr   .            (no gloves)
SInv    .            (no boots)
Will    .....        (no amulet)
Stlth   ++           (no ring)
HPRegen 0.25/turn    (no ring)
MPRegen 0.22/turn

%: no passive effects
@: no status effects
A: antennae 2, magic regeneration
a: no special abilities


You were on level 3 of the Dungeon.
You visited 1 branch of the dungeon, and saw 3 of its levels.

You collected 85 gold pieces.
You spent 78 gold pieces at shops.

Inventory:

Hand Weapons
 f - a +0 long sword (weapon)
Missiles
 n - a throwing net
Armour
 a - a +0 robe (worn)
Scrolls
 e - a scroll of poison
Potions
 c - 2 potions of curing
 d - 3 potions of resistance {unknown}
 g - a potion of ambrosia {unknown}
 h - a potion of invisibility {unknown}
 i - a potion of cancellation {unknown}
 j - 4 potions of might {unknown}
 k - a potion of lignification {unknown}
 l - a potion of haste {unknown}


   Skills:
 + Level 0.2 Fighting
 + Level 0.4 Long Blades
 + Level 2.0 Dodging
 + Level 2.1 Stealth
 + Level 2.8 Spellcasting
 + Level 1.0 Conjurations
 + Level 3.8 Earth Magic


You had 4 spell levels left.
You knew the following spells:

 Your Spells              Type           Power      Damage    Failure   Level
a - Sandblast             Erth           26%        2d8       4%          1
b - Stone Arrow           Conj/Erth      18%        3d8       22%         3

Your spell library contained the following spells:

 Spells                   Type           Power      Damage    Failure   Level
 Passwall                 Erth           13%        N/A       13%         3
 Static Discharge         Conj/Air       6%         3-4/arc   26%         2
 Call Canine Familiar     Summ           2%         N/A       52%         3
 Sigil of Binding         Hex            2%         N/A       52%         3
 Brom's Barrelling Bould  Conj/Erth      9%         2d3       58%         4
 Petrify                  Alch/Erth      7%         N/A       67%         4
 Airstrike                Air            1%         2d(1-17)  90%         4
 Dimensional Bullseye     Hex/Tloc       1%         N/A       90%         4
 Summon Lightning Spire   Summ/Air       2%         N/A       90%         4


Dungeon Overview and Level Annotations

Branches:
Dungeon (3/15)

Altars:

Shops:
D:2 :*

Annotations:
D:3 Terence


Innate Abilities, Weirdness & Mutations

You have a pair of antennae on your head.
You regenerate magic rapidly.


Message History

A magic dart appears from out of thin air!
The magic dart hits you.
* * * LOW HITPOINT WARNING * * *
Something hits you.
* * * LOW HITPOINT WARNING * * *
Casting: Sandblast (safe; 4% risk of failure)
Confirm with . or Enter, or press ? or * to list all spells.
Aiming: Sandblast (safe; 4% risk of failure)
Press: ? - help, Shift-Dir - straight line The blast of sand hits the orc.
The orc is heavily wounded.
Something completely misses you.
Casting: Sandblast (safe; 4% risk of failure)
Confirm with . or Enter, or press ? or * to list all spells.
Aiming: Sandblast (safe; 4% risk of failure)
Press: ? - help, Shift-Dir - straight line The blast of sand hits something.
Something barely misses you. Something hits you.
* * * LOW HITPOINT WARNING * * *
Unknown command.
Casting: Sandblast (safe; 4% risk of failure)
Confirm with . or Enter, or press ? or * to list all spells.
Aiming: Sandblast (safe; 4% risk of failure)
Press: ? - help, Shift-Dir - straight line, f - orc
Aim: an orc, wielding a +0 war axe (heavily wounded, 82% to hit)
The blast of sand hits something.
Something hits you.
* * * LOW HITPOINT WARNING * * *
You feel better. Something hits you.
* * * LOW HITPOINT WARNING * * *
Magic courses through your body. Something hits you.
* * * LOW HITPOINT WARNING * * *
Casting: Sandblast (safe; 4% risk of failure)
Confirm with . or Enter, or press ? or * to list all spells.
Aiming: Sandblast (safe; 4% risk of failure)
Press: ? - help, Shift-Dir - straight line, f/p - orc
Aim: an orc, wielding a +0 war axe (heavily wounded, 82% to hit)
The blast of sand hits something!
Reactivating autopickup.
You feel a bit more experienced. The orc hits you with a +0 war axe!
You die...

###.########.#.
...#..@o)..... #....#
#.#.######.#.
.........#.#...####.#
.#..#....#.#.#......#
....#....#.#.#.####.#
.#.##...............#
.#.##..#.#......###.#
.#.##......#..###
.#.##.........#######


You could see an orc.

Vanquished Creatures
  An orc priest (D:3)
  An orc wizard (D:3)
  3 dart slugs
  3 orcs (D:3)
  4 endoplasms
  A giant cockroach (D:3)
  5 goblins
  7 hobgoblins
  2 jackals (D:2)
  A quokka (D:2)
  5 ball pythons
  7 bats
  3 frilled lizards
  A kobold (D:2)
  4 rats
48 creatures vanquished.

Notes
Turn   | Place    | Note
-------+----------+-------------------------------------------
     0 | D:1      | DemonSlayer the Demonspawn Earth Elementalist began the
                  | quest for the Orb.
     0 | D:1      | Reached XP level 1. HP: 13/13 MP: 3/3
   260 | D:1      | Reached skill level 3 in Earth Magic
   260 | D:1      | Gained mutation: You have a pair of small antennae on your
                  | head. [demonic ancestry]
   260 | D:1      | Reached XP level 2. HP: 19/19 MP: 1/5
   835 | D:1      | Gained mutation: You regenerate magic rapidly. [demonic
                  | ancestry]
   835 | D:1      | Reached XP level 3. HP: 24/24 MP: 1/6
  1071 | D:1      | Learned a level 3 spell: Stone Arrow
  1211 | D:2      | Found Oddecut's General Store.
  1687 | D:2      | Found Perop's Book Shop.
  1895 | D:2      | Bought a scroll of teleportation for 39 gold pieces
  1927 | D:2      | Bought a throwing net for 39 gold pieces
  2000 | D:3      | Noticed Terence
  2149 | D:3      | Gained mutation: You have a pair of antennae on your head.
                  | [demonic ancestry]
  2149 | D:3      | Reached XP level 4. HP: 25/30 MP: 4/8
  2166 | D:3      | HP: 1/30 [something (3)]
  2170 | D:3      | Slain by an orc

Illustrated notes

Levels and vault maps discovered:
D:1:      giann_bridges, layout_loops_corners
D:2:      cheibrodos_old_hovel, layout_basic, serial_shops,
          nicolae_lakefront_shop, shop, minmay_misc_feat_diagonals,
          kennysheep_generic_room_3
D:3:      layout_basic, mainiacjoe_overflow_alcove_2, uniq_terence

Skill      XL: |  1  2  3 |
---------------+----------+-----
Earth Magic    | 3 |  3.8
Stealth        | 2 |  2.1
Dodging        | 2 |  2.0
Fighting       | |  0.2
Long Blades    | |  0.4
Spellcasting   | |  2.8
Conjurations   | |  1.0

Action                     |  1- 3 |  4- 6 || total
---------------------------+-------+-------++-------
  Melee: Long sword        |    28 |     5 ||    33
   Cast: Sandblast         |    52 |     9 ||    61
    Use: Scroll            |     4 |       ||     4
         Potion            |       |     2 ||     2
   Stab: Sleeping          |     4 |       ||     4
 Armour: Robe              |    26 |    15 ||    41
  Dodge: Dodged            |    37 |     9 ||    46
